 Dungeon Crawl Stone Soup version 0.32-a0-35-gd9ff480968 (webtiles) character file.

Game seed: 12065617676134504354

13272 thirtiethelement the Carver (level 11, -3/85 HPs)
             Began as a Demonspawn Berserker on Jan 22, 2024.
             Was a High Priest of Trog.
             Incinerated by a deep elf pyromancer (15 damage)
             ... with a pyre arrow
             ... on level 13 of the Dungeon.
             The game lasted 00:19:36 (10408 turns).

thirtiethelement the Carver (Demonspawn Berserker) Turns: 10408, Time: 00:19:36

Health: -3/85      AC: 12    Str: 25    XL:     11   Next: 73%
Magic:  11/11      EV: 35    Int: 10    God:    Trog [*****.]
Gold:   1280       SH:  7    Dex: 16    Spells: 10/10 levels left

rFire   . . .        v - +5 long sword "Kulugah" {heavy, rElec Str+3 Int+2}
rCold   + . .        s - +1 buckler
rNeg    . . .        E - +2 leather armour of the Locust {rC+ Will+ Str+4}
rPois   +            d - +0 helmet
rElec   +            y - +2 cloak {rCorr}
rCorr   +            (no gloves)
SInv    .            (boots unavailable)
Will    +....        g - amulet of the acrobat
Stlth   +            e - +5 ring of evasion
HPRegen 0.34/turn    j - ring of poison resistance
MPRegen 0.12/turn

%: acrobat
@: on fire, about to teleport, acrobatic, glowing
A: hooves 3, molten scales 1, foul stench 1, condensation shield
a: Renounce Religion, Berserk, Trog's Hand, Brothers in Arms


You were on level 13 of the Dungeon.
You worshipped Trog.
Trog was extremely pleased with you.
You visited 2 branches of the dungeon, and saw 13 of its levels.

You collected 1883 gold pieces.
You spent 603 gold pieces at shops.

Inventory:

Hand Weapons
 k - a +3 heavy sling
 q - a +2 falchion of electrocution
 v - the +5 long sword "Kulugah" (weapon) {heavy, rElec Str+3 Int+2}
   (You bought it in a shop on level 1 of the Dungeon)

   Str+3:     It affects your strength (+3).
   Int+2:     It affects your intelligence (+2).
   rElec:     It insulates you from electricity.
 x - the +1 hand axe of Peace {antimagic, ^Contam rElec rCorr Int+3}
   (You found it on level 13 of the Dungeon)

   Int+3:     It affects your intelligence (+3).
   rElec:     It insulates you from electricity.
   ^Contam:   It causes magical contamination when unequipped.
   rCorr:     It protects you from acid and corrosion.
Missiles
 f - 4 darts of dispersal
 i - a boomerang (quivered)
Armour
 d - a +0 helmet (worn)
 m - a +0 ring mail
 s - a +1 buckler (worn)
 y - a +2 cloak of preservation (worn)
 E - the +2 leather armour of the Locust (worn) {rC+ Will+ Str+4}
   (You found it on level 8 of the Dungeon)

   Str+4:     It affects your strength (+4).
   rC+:       It protects you from cold.
   Will+:     It increases your willpower.
Jewellery
 e - a +5 ring of evasion (left hand)
 g - an amulet of the acrobat (around neck)
 j - a ring of poison resistance (right hand)
 C - a ring of protection from cold
Wands
 a - a wand of roots (7)
 z - a wand of acid (12)
Scrolls
 l - 2 scrolls of teleportation
 n - 3 scrolls of amnesia
 t - 3 scrolls of noise
 A - 2 scrolls of revelation
 D - a scroll of enchant weapon
Potions
 b - 2 potions of heal wounds {unknown}
 c - 3 potions of attraction
 h - a potion of brilliance {unknown}
 o - 2 potions of curing
 p - 2 potions of haste
 r - a potion of mutation {unknown}
 u - a potion of berserk rage
 w - a potion of resistance {unknown}
 B - a potion of cancellation {unknown}
 F - a potion of invisibility
 G - a potion of enlightenment {unknown}


   Skills:
 + Level 7.7 Fighting
 + Level 10.6 Long Blades
 + Level 3.9 Axes
 + Level 1.2 Throwing
 + Level 6.7 Armour
 + Level 7.2 Dodging
 + Level 2.5 Stealth
 + Level 6.3 Shields


You had 10 spell levels left.
You didn't know any spells.
Your spell library contained the following spells:

 Spells                   Type           Power      Damage    Failure   Level
 Shock                    Conj/Air       0%         1d3       45%         1
 Gell's Gravitas          Tloc           0%         N/A       83%         3
 Swiftness                Air            0%         N/A       83%         3
 Teleport Other           Tloc           0%         N/A       83%         3
 Airstrike                Air            0%         2d(0-16)  99%         4
 Dispersal                Tloc           0%         N/A       100%        6


Dungeon Overview and Level Annotations

Branches:
Dungeon (11/15)            Temple (1/1) D:6
   Lair: D:8-11         Orc: D:9-12

Altars:
Ashenzari
Cheibriados
Dithmenos
Fedhas
Gozag
Hepliaklqana
Kikubaaqudgha
Makhleb
Nemelex Xobeh
Okawaru
Qazlal
Ru
Sif Muna
Trog
Uskayaw
Vehumet
Wu Jian
Xom
Yredelemnul

Shops:
D:1 (   D:10 !


Innate Abilities, Weirdness & Mutations

You have hooves in place of feet.
You are partially covered in molten scales. (AC +2)
You may rarely emit foul miasma when damaged in melee.
A meltable shield of frost defends you. (SH +0)


Message History

You block something's attack. x2
Found 20 gold pieces.
You slice the deep elf pyromancer!!
Your kick misses the deep elf pyromancer.
The deep elf pyromancer is severely wounded.
The deep elf pyromancer points at you and mumbles some strange words.
The pyre arrow hits you.
Your condensation shield dissipates!
You are covered in intense liquid fire!
You block something's attack. Something bites you.
Something draws strength from your injuries!
You completely miss the deep elf pyromancer.
You kick the deep elf pyromancer.
The deep elf pyromancer is severely wounded.
The liquid fire burns you!
The deep elf pyromancer hits you but does no damage.
Something hits you but does no damage. Something bites you but does no damage.
You slice the deep elf pyromancer!!
You kill the deep elf pyromancer!
Trog accepts your kill.
Trog appreciates your killing of a magic user.
The liquid fire burns you! Something hits you. You block something's attack.
Something hits you! Something bites you but does no damage.
As you read the scroll of teleportation, it crumbles to dust.
You feel strangely unstable. The liquid fire burns you! Something hits you.
* * * LOW HITPOINT WARNING * * *
You emit a cloud of foul miasma!
Something bites you.
* * * LOW HITPOINT WARNING * * *
Something draws strength from your injuries!
You shake off some of the fire as you move.
The liquid fire burns you!
* * * LOW HITPOINT WARNING * * *
Things that are here:
18 gold pieces; a +0 short sword; a +0 leather armour You feel better.
The liquid fire burns you!
You die...

.....# .....# #....+
.....# #....# .....#
#....# .....###
#####....# .......#
#.......# .......#
#.......# .......#
#.......+
.......####...ยง.@.#
####.......##.........$.
#..#........#...........
#..#.....#..#....)......
#..'.....#..#...........
#..#.....#..#.......(...
#'##.....####...........
.....####.....##+###....
.....# #.....+


There were no monsters in sight!

Vanquished Creatures
  A centaur warrior (D:13)
  Pikel (D:4)
  A deep elf pyromancer (D:13)
  A manticore (D:13)
  Maurice (D:7)
  4 elephants (D:10)
  A komodo dragon (D:10)
  Grinder (D:5)
  A hornet (D:8)
  Sigmund (D:6)
  5 shadows
  20 yaks
  2 wyverns
  2 steam dragons
  Edmund (D:5)
  An acid dragon (D:10)
  2 water moccasins
  3 black bears
  3 ice beasts
  A sky beast (D:8)
  2 ogres
  5 centaurs
  3 phantoms
  5 kobold brigands
  7 bullfrogs
  A gnoll sergeant (D:9)
  A scorpion (D:6)
  13 killer bees
  6 electric eels (D:10)
  2 howler monkeys (D:13)
  6 crimson imps (D:7)
  2 jellies
  A bombardier beetle (D:6)
  3 hounds
  Crazy Yiuf (D:7)
  2 orc priests
  Terence (D:3)
  Natasha (D:4)
  6 iguanas
  3 orc wizards
  A centaur simulacrum (D:7)
  10 adders
  4 gnolls (D:9)
  3 shadow imps (D:7)
  3 white imps (D:7)
  2 ufetubi (D:5)
  4 dart slugs
  3 ribbon worms
  22 orcs
  6 endoplasms
  2 giant cockroaches (D:2)
  8 goblins
  8 hobgoblins
  11 jackals
  7 quokkas
  9 ball pythons
  9 bats
  3 frilled lizards
  34 kobolds
  2 rats
275 creatures vanquished.

Notes
Turn   | Place    | Note
-------+----------+-------------------------------------------
     0 | D:1      | thirtiethelement the Demonspawn Berserker began the quest
                  | for the Orb.
     0 | D:1      | Reached XP level 1. HP: 18/18 MP: 1/1
   152 | D:1      | Found Esofil's Antique Weapon Emporium.
   263 | D:1      | Gained mutation: A meltable shield of frost defends you.
                  | (SH +0) [demonic ancestry]
   263 | D:1      | Reached XP level 2. HP: 24/24 MP: 2/2
   435 | D:1      | Reached ** piety under Trog
   436 | D:1      | Reached XP level 3. HP: 29/29 MP: 3/3
  1117 | D:2      | Reached XP level 4. HP: 37/37 MP: 4/4
  1486 | D:3      | Noticed Terence
  1494 | D:3      | Killed Terence
  1507 | D:3      | Reached *** piety under Trog
  1632 | D:3      | Found a faded altar of an unknown god.
  1765 | D:3      | Reached skill level 1 in Long Blades
  1765 | D:3      | Gained mutation: You have large cloven feet. [demonic
                  | ancestry]
  1765 | D:3      | Reached XP level 5. HP: 39/42 MP: 5/5
  2142 | D:4      | Noticed an ogre
  2151 | D:4      | Killed an ogre
  2152 | D:4      | Reached skill level 2 in Long Blades
  2164 | D:4      | Gained mutation: You have hoof-like feet. [demonic
                  | ancestry]
  2164 | D:4      | Reached XP level 6. HP: 29/48 MP: 6/6
  2267 | D:4      | Found an ornate altar of the Wu Jian Council.
  2411 | D:4      | Found a shimmering blue altar of Sif Muna.
  2735 | D:4      | Noticed Pikel
  2749 | D:4      | Killed Pikel
  2750 | D:4      | Reached skill level 4 in Long Blades
  2750 | D:4      | Reached skill level 1 in Shields
  2750 | D:4      | Reached XP level 7. HP: 55/55 MP: 7/7
  2986 | D:4      | Noticed Natasha
  2993 | D:4      | Killed Natasha
  3299 | D:5      | Entered Level 5 of the Dungeon
  3376 | D:5      | Noticed Grinder
  3418 | D:5      | Killed Grinder
  3419 | D:5      | Reached skill level 5 in Long Blades
  3419 | D:5      | Reached XP level 8. HP: 34/61 MP: 8/8
  3747 | D:1      | Bought a crystal long sword for 212 gold pieces
  3747 | D:1      | Identified the +5 long sword "Kulugah" {heavy, rElec Str+3
                  | Int+2} (You bought it in a shop on level 1 of the Dungeon)
  3956 | D:5      | Reached skill level 5 in Fighting
  4128 | D:5      | Noticed Edmund
  4131 | D:5      | Killed Edmund
  4701 | D:6      | Found a staircase to the Ecumenical Temple.
  4732 | Temple   | Entered the Ecumenical Temple
  4993 | D:6      | Found a bloodstained altar of Trog.
  5005 | D:6      | Reached skill level 6 in Long Blades
  5117 | D:6      | Noticed Sigmund
  5122 | D:6      | Killed Sigmund
  5123 | D:6      | Reached skill level 5 in Armour
  5289 | D:6      | Reached **** piety under Trog
  5421 | D:6      | Found a snail-covered altar of Cheibriados.
  5519 | D:7      | Found a runed translucent door.
  5520 | D:7      | Noticed Crazy Yiuf
  5583 | D:7      | Killed Crazy Yiuf
  5584 | D:7      | Gained mutation: You are partially covered in molten
                  | scales. (AC +2) [demonic ancestry]
  5584 | D:7      | Reached XP level 9. HP: 68/68 MP: 9/9
  5618 | D:7      | Noticed Maurice
  5624 | D:7      | Something stole 3 boomerangs
  5625 | D:7      | Killed Maurice
  5626 | D:7      | Reached skill level 1 in Stealth
  5630 | D:7      | Reached skill level 7 in Long Blades
  6127 | D:7      | Reached skill level 8 in Long Blades
  6315 | D:7      | Found a stormy altar of Qazlal.
  6345 | D:7      | Found a hide-covered altar of Uskayaw.
  6374 | D:7      | Found a radiant altar of Vehumet.
  6398 | D:7      | Gained mutation: You have hooves in place of feet. [demonic
                  | ancestry]
  6398 | D:7      | Reached XP level 10. HP: 76/76 MP: 10/10
  7043 | D:8      | Reached skill level 9 in Long Blades
  7051 | D:8      | Reached ***** piety under Trog
  7082 | D:8      | Reached skill level 5 in Dodging
  7415 | D:8      | Found a blossoming altar of Fedhas.
  7436 | D:8      | Identified the +2 leather armour of the Locust {rC+ Will+
                  | Str+4}
  7889 | D:9      | Identified a scroll of acquirement
  7889 | D:9      | Acquired 1217 gold pieces
  8128 | D:9      | Reached skill level 5 in Shields
  8391 | D:9      | Gained mutation: You may rarely emit foul miasma when
                  | damaged in melee. [demonic ancestry]
  8391 | D:9      | Reached XP level 11. HP: 42/84 MP: 11/11
  8792 | D:10     | Entered Level 10 of the Dungeon
  8886 | D:10     | Found a shimmering altar of Xom.
  9041 | D:10     | Reached skill level 10 in Long Blades
  9550 | D:10     | Found Qamuel's Distillery.
  9556 | D:10     | Bought a potion of berserk rage for 85 gold pieces
  9556 | D:10     | Bought a potion of haste for 170 gold pieces
  9556 | D:10     | Bought a potion of invisibility for 136 gold pieces
  9654 | D:10     | Reached skill level 1 in Throwing
  9686 | D:10     | HP: 2/84 [yak (13)]
  9967 | D:10     | Found an opulent altar of Gozag.
 10302 | D:11     | You fall into a shaft and drop 2 floors!
 10345 | D:13     | Noticed a centaur warrior
 10354 | D:13     | Killed a centaur warrior
 10375 | D:13     | Identified the +1 hand axe of Peace {antimagic, ^Contam
                  | rElec rCorr Int+3}
 10399 | D:13     | Noticed a deep elf pyromancer
 10405 | D:13     | Killed a deep elf pyromancer
 10408 | D:13     | Incinerated by a deep elf pyromancer

Illustrated notes

Levels and vault maps discovered:
D:1:      dpeg_arrival_shelter, layout_basic, serial_shops,
          nicolae_shop_real_fake_doors
D:2:      layout_rooms
D:3:      cheibrodos_thug_alley, layout_basic,
          hellmonk_ecumenical_altar_slurped_away, uniq_terence
D:4:      layout_layer_cave, nicolae_overflow_hidden_temple,
          mainiacjoe_overflow_small_starburst, uniq_natasha, uniq_pikel
D:5:      layout_gridville, uniq_grinder, uniq_edmund
D:6:      layout_loops_corners, lightli_temple_of_fire, chei_slow_surprise,
          minmay_temple_entry_ruins, uniq_sigmund
D:7:      nzn_winding_woodlands_medium [nzn_winding_woodlands_5x5_three,
          nzn_winding_woodlands_5x15_river_crossing,
          nzn_winding_woodlands_5x5_closed_star,
          nzn_winding_woodlands_hourglass,
          nzn_winding_woodlands_center_triple_pond,
          nzn_winding_woodlands_5x5_checkerboard,
          nzn_winding_woodlands_5x5_default, nzn_winding_woodlands_5x15_parted,
          nzn_winding_woodlands_5x5_default], layout_basic, old_standard_altar,
          grunt_qazlal_clouds, mainiacjoe_overflow_cross_hatched,
          minmay_nine_imps, uniq_maurice, uniq_crazy_yiuf_cottage
D:8:      layout_basic, fedhas_ov_isle_minmay
D:9:      layout_basic, minmay_misc_feat_encased, minmay_fountain_box
D:10:     wad_woods_stonehenge, layout_basic, good_gods_mini_temple,
          nicolae_gozag_cash_rules_everything_around_me, serial_shops,
          nicolae_shop_industrial_runoff
D:11:     layout_basic, erik_lair_island, hiddenorc2_lemuel,
          nicolae_vehumet_radiance
D:13:     dreamdust_isle_of_ice, layout_gridville, gauntlet_entry_generic,
          uniq_kirke
Temple:   nicolae_temple_bog_church

Skill      XL: |  1  2  3  4  5  6  7  8  9 10 11 |
---------------+----------------------------------+-----
Axes           | 3 |  3.9
Armour         | 2 3 4 5 6 |  6.7
Dodging        | 2 3 4 5 7 |  7.2
Long Blades    | 1 2 4 5 6 8 9 10 | 10.6
Fighting       | 4 5 6 7 |  7.7
Shields        | 1 2 3 5 6 |  6.3
Stealth        | 1 2 |  2.5
Throwing       | 1 |  1.2

Action                     |  1- 3 |  4- 6 |  7- 9 | 10-12 || total
---------------------------+-------+-------+-------+-------++-------
  Melee: Hand axe          |   139 |    34 |       |       ||   173
         Punch             |     1 |     5 |       |       ||     6
         Falchion          |       |   148 |    59 |       ||   207
         Dagger            |       |     4 |       |       ||     4
         Kick              |       |    17 |    39 |   114 ||   170
         Long sword        |       |       |   129 |   303 ||   432
  Throw: Boomerang         |       |       |       |    22 ||    22
 Invoke: Berserk           |       |     2 |     4 |     4 ||    10
         Trog's Hand       |       |       |       |     1 ||     1
    Use: Scroll            |     1 |       |     7 |     7 ||    15
         Potion            |       |       |       |     3 ||     3
   Stab: Sleeping          |     2 |       |       |     1 ||     3
 Armour: Animal skin       |    41 |     6 |       |       ||    47
         Ring mail         |       |    67 |    79 |    51 ||   197
         Leather armour    |       |       |       |   228 ||   228
  Dodge: Dodged            |    97 |   176 |   144 |   385 ||   802
  Block: Other             |    13 |    36 |     5 |       ||    54
         Buckler           |       |       |    81 |   233 ||   314

Table legend: (Time is in decaauts)
 A = Elapsed time spent in this place.
 B = Non-inter-level travel time spent in this place.
 C = Inter-level travel time spent in this place.
 D = Time resting spent in this place.
 E = Time spent auto-exploring this place.
 F = Levels seen in this place.
 G = Mean time per level.
                   A        B        C        D        E       F      G
               +--------+--------+--------+--------+--------+-----+--------+
         Total |  10768 |  10220 |    548 |   1065 |   6945 |  13 |  828.3 |
       Dungeon |  10766 |  10218 |    548 |   1065 |   6945 |  12 |  897.2 |
        Temple |      1 |      1 |      0 |      0 |      0 |   1 |    1.0 |
               +--------+--------+--------+--------+--------+-----+--------+

Top non-repeatable levels by time:
    D:10: 1580 daAuts
     D:7: 1367 daAuts
     D:4: 1303 daAuts
     D:8: 1086 daAuts
     D:3: 1005 daAuts
     D:5: 994 daAuts
     D:6: 991 daAuts
     D:9: 991 daAuts
     D:1: 742 daAuts
     D:2: 589 daAuts
    D:13: 112 daAuts
    D:11: 1 daAuts
  Temple: 1 daAuts
